 Dungeon Crawl Stone Soup version 0.30-a0-636-g200c5c4a83 (webtiles) character file.

Game seed: 1284955946896148157

3331 Snakechild the Protected (level 9, 0/78 HPs)
             Began as a Minotaur Berserker on Jan 13, 2023.
             Was a High Priest of Trog.
             Slain by a two-headed ogre
             ... wielding a +0 giant spiked club
              (14 damage)
             ... on level 7 of the Dungeon on Jan 15, 2023.
             The game lasted 01:27:47 (6810 turns).

Snakechild the Protected (Minotaur Berserker)       Turns: 6810, Time: 01:27:49

Health: 0/78       AC: 14    Str: 22    XL:     9   Next: 71%
Magic:  17/17      EV: 13    Int:  4    God:    Trog [*****.]
Gold:   112        SH:  0    Dex: 14    Spells: 8/8 levels left

rFire   . . .      SeeInvis .    L - +0 long sword (heavy)
rCold   . . .      Faith    .    (no shield)
rNeg    . . .      Spirit   .    M - +0 acid dragon scales
rPois   .          Reflect  .    (helmet restricted)
rElec   .          Harm     .    r - +0 cloak
rCorr   +          Rampage  .    k - +0 pair of gloves
Will    .....                    N - +0 pair of boots
Stlth   ++                       (no amulet)
HPRegen 0.33/turn                h - ring of magical power
MPRegen 0.15/turn                (no ring)

@: about to teleport
A: horns 2, retaliatory headbutt, iridescent scales 1
a: Renounce Religion, Berserk, Trog's Hand, Brothers in Arms


You were on level 7 of the Dungeon.
You worshipped Trog.
Trog was extremely pleased with you.
You visited 1 branch of the dungeon, and saw 7 of its levels.

You collected 406 gold pieces.
You spent 294 gold pieces at shops.

Inventory:

Hand Weapons
 a - a +2 vampiric hand axe
 d - a +0 shortbow
 g - a +0 falchion of flaming
 l - a +2 dagger of holy wrath
 o - a +0 whip of electrocution
 s - a +1 short sword of venom
 t - a +1 hand axe of electrocution
 F - a +1 dagger of protection
 J - a +4 dagger
 L - a +0 heavy long sword (weapon)
Missiles
 m - 15 poisoned darts (quivered)
 v - 81 stones
 w - 9 datura-tipped darts
 A - 2 throwing nets
 P - a curare-tipped dart
Armour
 b - a +0 animal skin
 e - a +0 helmet
 f - a +0 leather armour
 k - a +0 pair of gloves (worn)
 r - a +0 cloak (worn)
 u - a +0 chain mail
 y - a +0 ring mail
 M - +0 acid dragon scales (worn)
 N - a +0 pair of boots (worn)
Jewellery
 h - a ring of magical power (left hand)
Wands
 c - a wand of mindburst (8)
 E - a wand of quicksilver (6)
 I - a wand of iceblast (29)
 K - a wand of flame (15)
Scrolls
 n - a scroll of magic mapping
 p - a scroll of fear
 q - 2 scrolls of fog
 x - 2 scrolls of teleportation
 z - a scroll of vulnerability
 D - a scroll of blinking
 O - a scroll of enchant armour {unknown}
Potions
 i - a potion of lignification
 j - a potion of magic
 B - a potion of attraction {unknown}
 G - a potion of invisibility {unknown}
 H - a potion of flight {unknown}


   Skills:
 + Level 6.8 Fighting
 + Level 5.6 Long Blades
 + Level 7.4(8.0) Axes
 + Level 4.3(6.4) Maces & Flails
 + Level 4.9 Throwing
 + Level 9.0 Armour
 + Level 4.4 Dodging
 + Level 1.9 Stealth
 + Level 0.8 Evocations


You had 8 spell levels left.
You didn't know any spells.
Your spell library was empty.

Dungeon Overview and Level Annotations

Branches:
Dungeon (7/15)             Temple (0/1) D:7

Altars:
Gozag

Shops:
D:6 *   D:7 (

Annotations:
D:1 1 transporter


Innate Abilities, Weirdness & Mutations

You have a pair of horns on your head.
You reflexively headbutt those who attack you in melee.
You are partially covered in iridescent scales. (AC +2)


Message History

There is a fountain of clear blue water here.
There is an opulent altar of Gozag here.
There is an opulent altar of Gozag here.
You kneel at the altar of Gozag.
Gozag does not accept service from beggars like you!
The service fee for joining is currently 136 gold; you only have 112.
The hiss of flowing sand is almost imperceptible now.
There is a stone staircase leading up here.
The walls and floor vibrate strangely for a moment.
A two-headed ogre comes into view.
It is wielding two +0 giant spiked clubs.
The two-headed ogre shouts in stereo!
You slash the two-headed ogre!
The two-headed ogre is moderately wounded.
The two-headed ogre barely misses you. You furiously retaliate!
You headbutt the two-headed ogre, but do no damage.
The two-headed ogre completely misses you.
You slash the two-headed ogre!
The two-headed ogre is heavily wounded.
The two-headed ogre barely misses you.
The two-headed ogre hits you with a +0 giant spiked club.
You slash the two-headed ogre! You headbutt the two-headed ogre.
The two-headed ogre is severely wounded.
The two-headed ogre hits you but does no damage.
The two-headed ogre hits you with a +0 giant spiked club!!
The two-headed ogre closely misses you. You furiously retaliate!
You headbutt the two-headed ogre.
The two-headed ogre hits you but does no damage.
You hit the two-headed ogre.
The two-headed ogre is severely wounded.
The two-headed ogre closely misses you. You furiously retaliate!
You headbutt the two-headed ogre.
The two-headed ogre hits you with a +0 giant spiked club!
As you read the scroll of teleportation, it crumbles to dust.
You feel strangely unstable.
You barely miss the two-headed ogre.
The two-headed ogre is severely wounded.
The two-headed ogre hits you with a +0 giant spiked club!!
* * * LOW HITPOINT WARNING * * *
The two-headed ogre hits you with a +0 giant spiked club!
You die...

.# ### .# #####.. .#
......# .# ###########.
.####.....# ##
###.####....#.._..# #
........# #.....#
###.###O# #⌠#.#⌠# #@#
####.### # #.# #....# ##
#.# ###<## ##. #.# #..##
##..
...####.######...####...
....................'...
...###########<..####...
#..## ##.. #.## ##.


You could see a two-headed ogre.

Vanquished Creatures
  Pikel (D:4)
  Maggie (D:7)
  Grinder (D:3)
  Menkaure (D:6)
  3 water moccasins (D:7)
  An ice beast (D:7)
  A sky beast (D:7)
  An ogre (D:5)
  2 lemures (D:4)
  3 phantoms
  6 bullfrogs
  A kobold brigand (D:7)
  2 scorpions
  5 killer bees (D:6)
  2 jellies
  A gnoll bouda (D:5)
  Natasha (thrice) (D:4)
  5 iguanas
  6 orc wizards
  6 gnolls
  6 adders
  A white imp (D:7)
  An ufetubus (D:6)
  A worm (D:4)
  A dart slug (D:3)
  26 orcs
  7 bats
  8 endoplasms
  12 giant cockroaches
  16 goblins
  13 hobgoblins
  9 jackals
  17 kobolds
  4 quokkas
  5 ball pythons
  4 frilled lizards
  6 rats
189 creatures vanquished.

Vanquished Creatures (others)
  5 plants (D:6)
5 creatures vanquished.

Grand Total: 194 creatures vanquished

Notes
Turn   | Place    | Note
-------+----------+-------------------------------------------
     0 | D:1      | Snakechild the Minotaur Berserker began the quest for the
                  | Orb.
     0 | D:1      | Reached XP level 1. HP: 19/19 MP: 0/0
   157 | D:1      | Reached XP level 2. HP: 26/27 MP: 1/1
   594 | D:1      | Gained mutation: You are strong-willed. (Will+) [potion of
                  | mutation]
   594 | D:1      | Gained mutation: You are highly strong-willed. (Will++)
                  | [potion of mutation]
   608 | D:1      | Reached ** piety under Trog
   648 | D:1      | Reached XP level 3. HP: 19/34 MP: 2/2
  1366 | D:2      | Reached skill level 3 in Armour
  1721 | D:3      | Reached XP level 4. HP: 31/41 MP: 3/3
  1895 | D:3      | Reached skill level 1 in Long Blades
  2203 | D:3      | Noticed Grinder
  2217 | D:3      | Killed Grinder
  2218 | D:3      | Reached skill level 5 in Fighting
  2218 | D:3      | Reached XP level 5. HP: 30/48 MP: 4/4
  2218 | D:3      | Reached XP level 6. HP: 35/56 MP: 5/5
  2534 | D:4      | Noticed Pikel
  2557 | D:4      | Reached skill level 4 in Armour
  2569 | D:4      | Noticed Natasha
  2576 | D:4      | Killed Natasha
  2577 | D:4      | Reached skill level 1 in Stealth
  2586 | D:4      | Killed Pikel
  2587 | D:4      | Reached skill level 5 in Long Blades
  2587 | D:4      | Reached skill level 1 in Throwing
  2587 | D:4      | Reached skill level 5 in Armour
  2587 | D:4      | Reached XP level 7. HP: 23/61 MP: 6/6
  2655 | D:4      | Reached *** piety under Trog
  2679 | D:4      | Lost mutation: You are highly strong-willed. (Will++)
                  | [potion of mutation]
  2679 | D:4      | Lost mutation: You are strong-willed. (Will+) [potion of
                  | mutation]
  2679 | D:4      | Gained mutation: You are partially covered in iridescent
                  | scales. (AC +2) [potion of mutation]
  2796 | D:4      | Noticed Natasha
  2800 | D:4      | Killed Natasha
  2821 | D:4      | Noticed Natasha
  2826 | D:4      | Killed Natasha
  3470 | D:5      | Entered Level 5 of the Dungeon
  3529 | D:5      | Reached skill level 6 in Armour
  3539 | D:5      | Reached XP level 8. HP: 39/70 MP: 7/7
  4606 | D:5      | Upgraded the game from 0.30-a0-630-g881e3bac89 to
                  | 0.30-a0-636-g200c5c4a83
  4630 | D:6      | Reached skill level 5 in Axes
  4630 | D:6      | Reached skill level 7 in Armour
  4767 | D:6      | Noticed Menkaure
  4818 | D:6      | Killed Menkaure
  4818 | D:6      | Reached **** piety under Trog
  5525 | D:6      | Reached XP level 9. HP: 67/75 MP: 8/8
  5694 | D:6      | Found Cobrudia's Mayhem Merchandise.
  5717 | D:6      | Bought a +2 vampiric hand axe for 294 gold pieces
  6031 | D:7      | Noticed Maggie
  6031 | D:7      | Found a sand-covered staircase.
  6088 | D:7      | Found Zosoid's Weapon Emporium.
  6182 | D:7      | Killed Maggie
  6533 | D:7      | Found a staircase to the Ecumenical Temple.
  6547 | D:7      | Reached skill level 8 in Armour
  6615 | D:7      | Reached ***** piety under Trog
  6731 | D:7      | Reached skill level 9 in Armour
  6761 | D:7      | Found an opulent altar of Gozag.
  6801 | D:7      | Noticed a two-headed ogre
  6810 | D:7      | Slain by a two-headed ogre

Illustrated notes

Levels and vault maps discovered:
D:1:      spicycebolla_arrival_risky_transporter, layout_basic
D:2:      layout_loops_ring
D:3:      layout_loops_cross, minivault_4, nicolae_underground_beach,
          uniq_grinder
D:4:      layout_loops_ring, moated_statue, uniq_natasha, uniq_pikel
D:5:      layout_loops_corners
D:6:      corexii_shantytown, layout_basic, minmay_shop_mayhem,
          grunt_decor_mini_mirrors, uniq_menkaure
D:7:      layout_loops_corners, mainiacjoe_overflow_alcove_2,
          minmay_temple_entry_ruins, serial_shops, shop,
          nicolae_ossuary_entry_monument, uniq_maggie

Skill      XL: |  1  2  3  4  5  6  7  8  9 |
---------------+----------------------------+-----
Fighting       | 4 5 6 |  6.8
Maces & Flails | 4 |  4.3
Armour         | 3 5 6 7 9 |  9.0
Long Blades    | 3 5 |  5.6
Dodging        | 3 4 |  4.4
Stealth        | 1 |  1.9
Axes           | 2 3 6 7 |  7.4
Throwing       | 1 3 4 |  4.9
Evocations     | |  0.8

Action                   |  1- 3 |  4- 6 |  7- 9 || total
-------------------------+-------+-------+-------++-------
Melee: Mace              |     9 |       |       ||     9
       Falchion          |    96 |    34 |       ||   130
       Headbutt          |    12 |    16 |    59 ||    87
       Hand axe          |       |    50 |   262 ||   312
       Punch             |       |       |     3 ||     3
       Long sword        |       |       |    49 ||    49
Throw: Dart              |     3 |     3 |    75 ||    81
Invok: Berserk           |     1 |       |       ||     1
Evoke: Wand              |       |     2 |     1 ||     3
  Use: Potion            |     3 |       |     6 ||     9
       Scroll            |     7 |       |     8 ||    15
Armor: Animal skin       |     3 |       |       ||     3
       Leather armour    |    43 |     4 |       ||    47
       Skin              |    17 |       |       ||    17
       Chain mail        |       |    41 |   106 ||   147
       Acid dragon scale |       |       |    40 ||    40
Dodge: Dodged            |    72 |    22 |   153 ||   247

Table legend: (Time is in decaauts)
 A = Elapsed time spent in this place.
 B = Non-inter-level travel time spent in this place.
 C = Inter-level travel time spent in this place.
 D = Time resting spent in this place.
 E = Time spent auto-exploring this place.
 F = Levels seen in this place.
 G = Mean time per level.
                   A        B        C        D        E       F      G
               +--------+--------+--------+--------+--------+-----+--------+
         Total |   6847 |   6847 |      0 |    246 |      0 |   7 |  978.1 |
       Dungeon |   6847 |   6847 |      0 |    246 |      0 |   7 |  978.1 |
               +--------+--------+--------+--------+--------+-----+--------+

Top non-repeatable levels by time:
     D:6: 1396 daAuts
     D:5: 1142 daAuts
     D:4: 948 daAuts
     D:3: 928 daAuts
     D:1: 831 daAuts
     D:2: 824 daAuts
     D:7: 776 daAuts
